 Dungeon Crawl Stone Soup version 0.23.2-30-g0e89c35649 (webtiles) character file.

Game seed: 9371671326457766844

10994 Mrkan the Cleaver (level 11, -14/104 HPs)
             Began as a Deep Dwarf Berserker on June 24, 2019.
             Was a High Priest of Trog.
             Demolished by a phantasmal warrior (23 damage)
             ... on level 11 of the Dungeon.
             The game lasted 00:27:29 (10301 turns).

Mrkan the Cleaver (Deep Dwarf Berserker)           Turns: 10301, Time: 00:27:30

Health: -14/104    AC: 16    Str: 20    XL:     11   Next: 43%
Magic:  15/15      EV: 13    Int:  9    God:    Trog [*****.]
Gold:   1063       SH:  0    Dex: 15    Spells: 10/10 levels left

rFire    . . .     SeeInvis .   s - +2 hand axe (vamp)
rCold    . . .     Gourm    .   (no shield)
rNeg     . . .     Faith    .   m - +1 plate armour
rPois    .         Spirit   .   (no helmet)
rElec    .         Reflect  .   (no cloak)
rCorr    .         Harm     .   (no gloves)
MR       .....                  v - +0 pair of boots
Stlth    ..........             (no amulet)
HPRegen  0.00/turn              o - ring of stealth
MPRegen  0.14/turn              u - +5 ring of evasion

@: vulnerable, berserk cooldown, starving, non-regenerating, slowed, lightly
drained, very slow
A: damage resistance, heal wounds, blink, sense surroundings 2, sturdy frame 1,
no regeneration
a: Heal Wounds, Blink, Berserk, Trog's Hand, Brothers in Arms, Renounce Religion


You were on level 11 of the Dungeon.
You worshipped Trog.
Trog was extremely pleased with you.
You were starving.

You visited 1 branch of the dungeon, and saw 11 of its levels.
You also visited: Ossuary.

You collected 1063 gold pieces.

Inventory:

Hand Weapons
 s - a +2 vampiric hand axe (weapon)
 x - a +1 war axe of freezing
 y - the +4 whip "Zoamaor" {freeze, Str+4}
   (You found it on level 6 of the Dungeon)

   It has been specially enchanted to freeze those struck by it, causing extra
   injury to most foes and up to half again as much damage against particularly
   susceptible opponents.
   It can also slow down cold-blooded creatures.
   It affects your strength (+4).
 G - a +0 battleaxe
 L - a +0 scimitar of flaming
 M - the +5 rapier "Naihoum" {elec, rC- Str+5}
   (You found it on level 11 of the Dungeon)

   Occasionally, upon striking a foe, it will discharge some electrical energy
   and cause terrible harm.
   It affects your strength (+5).
   It makes you vulnerable to cold.
 O - a +2 antimagic battleaxe
Armour
 m - a +1 plate armour (worn)
 v - a +0 pair of boots (worn)
Jewellery
 o - a ring of stealth (left hand)
 u - a +5 ring of evasion (right hand)
 w - an uncursed ring of resist corrosion
 K - an uncursed ring of magical power {unknown}
 P - an uncursed ring of see invisible {unknown}
Wands
 a - a wand of disintegration (26)
 e - a wand of iceblast (8)
 f - a wand of random effects (22)
 p - a wand of digging (7)
 B - a wand of polymorph (11)
 J - a wand of flame (19)
Scrolls
 b - 2 scrolls of enchant weapon
 d - 3 scrolls of enchant armour
 g - a scroll of magic mapping
 h - a scroll of teleportation
 l - 2 scrolls of fog
 n - 6 scrolls of remove curse
 t - a scroll of random uselessness
 E - a scroll of identify
 H - a scroll of fear
Potions
 i - 9 potions of curing
 j - 2 potions of haste
 k - 2 potions of brilliance
 q - a potion of flight
 r - 4 potions of heal wounds
 z - 3 potions of might
 A - 2 potions of magic
 C - 2 potions of berserk rage
 D - 3 potions of mutation
 I - 2 potions of invisibility {unknown}
Miscellaneous
 F - a phantom mirror
Comestibles
 c - 20 rations


   Skills:
 + Level 8.5(8.2) Fighting
 * Level 13.5(13.1) Axes
 + Level 9.9(9.5) Armour
 - Level 2.1(1.9) Dodging
 + Level 6.4(6.1) Evocations


You had 10 spell levels left.
You didn't know any spells.
Your spell library was empty.

Dungeon Overview and Level Annotations

Branches:
Dungeon (11/15)            Temple (0/1) D:4            Lair (0/6) D:8
    Orc (0/2) D:11

Altars:
Ashenzari
Dithmenos
Fedhas
Gozag
Hepliaklqana
Kikubaaqudgha
Makhleb
Nemelex Xobeh
Ru
Trog
Vehumet
Xom
Zin
Lugonu

Annotations:
D:10 3 runed translucent doors, Chudej's ghost, novice DECj
D:11 2 transporters


Innate Abilities, Weirdness & Mutations

You are resistant to damage.
You can heal yourself by infusing magical energy.
You passively map the area around you.
You do not regenerate.
You can translocate small distances at will.
Your movements are slightly less encumbered by armour. (ER -2)


Message History

The phantasmal warrior hits you but does no damage.
There is an open door, spattered with blood here.
The phantasmal warrior blinks!
The phantasmal warrior blinks!
The phantasmal warrior hits you!
An ettin comes into view.
It is wielding a +0 dire flail and a +0 great mace.
There is an open door, spattered with blood here.
The ettin shouts in stereo!
The phantasmal warrior hits you!!
* * * LOW HITPOINT WARNING * * *
The phantasmal warrior misses you.
You feel much better.
The phantasmal warrior hits you but does no damage.
Okay, then.
The phantasmal warrior barely misses you.
The phantasmal warrior hits you!
* * * LOW HITPOINT WARNING * * *
There is an open door here.
The phantasmal warrior hits you!!
You die...

#............
#######............
#............>.....
#..................
#..................
#..................
#......############
###.>....#......(.#..
#...@.............#..
#.#W########......รท..
#.#C.# #......#..
#####.#.C# #.....##..
#.....##'# * #.....####
#.....#..#, #.....#...
#.....#..# #.....'...
#>....##'####'##.######..
#.....#..)..'..#.....##).


You could see an ettin and a phantasmal warrior.

Vanquished Creatures
  Erica (D:11)
  Nergalle (D:11)
  A wizard (D:11)
  A gargoyle (D:5)
  A troll (D:10)
  Grinder (D:3)
  2 hippogriffs
  Sigmund (D:2)
  2 wyverns (D:8)
  A wraith (D:11)
  A basilisk (D:8)
  A steam dragon (D:11)
  Menkaure (D:5)
  An acid dragon (D:8)
  Duvessa (D:7)
  3 phantoms
  2 sky beasts (D:10)
  7 orc warriors
  4 ice beasts
  7 ogres
  4 centaurs (D:11)
  3 crocodiles (D:8)
  A big kobold (D:10)
  An elf zombie (Ossuary)
  2 bullfrogs
  Dowan (D:7)
  2 water moccasin zombies
  A scorpion (D:11)
  12 killer bees
  12 wights
  3 howler monkeys
  A bullfrog zombie (D:8)
  3 crimson imps
  A centaur zombie (Ossuary)
  4 orc priests
  3 centaur skeletons
  4 hounds
  4 jellies (D:10)
  7 orc wizards
  Crazy Yiuf (D:2)
  5 bullfrog skeletons
  Jessica (D:2)
  3 iguanas
  Ijyb (D:3)
  Terence (D:2)
  Natasha (thrice) (D:2)
  10 worker ants
  3 big kobold zombies (Ossuary)
  4 hound zombies
  3 hound skeletons
  2 mummies (Ossuary)
  2 howler monkey zombies (D:6)
  2 worker ant zombies
  15 adders
  3 gnolls (D:4)
  4 shadow imps
  3 oozes
  5 adder zombies
  5 adder skeletons
  2 worms
  4 dart slugs
  3 leopard geckos
  46 orcs
  5 giant cockroaches
  A gnoll zombie (Ossuary)
  4 goblins
  10 hobgoblins
  17 jackals
  2 quokkas (D:5)
  2 ball pythons (D:5)
  9 bats
  A frilled lizard (D:1)
  A giant cockroach zombie (D:6)
  3 goblin zombies (Ossuary)
  2 hobgoblin zombies (Ossuary)
  7 kobolds
  2 leopard gecko skeletons
  3 orc zombies (Ossuary)
  12 rats
321 creatures vanquished.

Vanquished Creatures (collateral kills)
  A gargoyle (D:11)
1 creature vanquished.

Vanquished Creatures (others)
  A centaur (D:11)
  A wight (D:11)
2 creatures vanquished.

Grand Total: 324 creatures vanquished

Notes
Turn   | Place    | Note
-------+----------+-------------------------------------------
     0 | D:1      | Mrkan the Deep Dwarf Berserker began the quest for the Orb.
     0 | D:1      | Reached XP level 1. HP: 20/20 MP: 1/1
    56 | D:1      | Reached XP level 2. HP: 17/27 MP: 2/2
   219 | D:1      | Reached ** piety under Trog
   219 | D:1      | Reached skill level 4 in Axes
   297 | D:1      | Reached XP level 3. HP: 8/34 MP: 3/3
   661 | D:2      | Noticed Natasha
   698 | D:2      | Killed Natasha
   698 | D:2      | Reached XP level 4. HP: 14/42 MP: 4/4
   754 | D:2      | Noticed Natasha
   779 | D:2      | Killed Natasha
   793 | D:2      | Found a sacrificial altar of Ru.
   855 | D:2      | Found an ancient bone altar of Kikubaaqudgha.
   855 | D:2      | Noticed Sigmund
   855 | D:2      | Noticed Natasha
   892 | D:2      | Killed Sigmund
   892 | D:2      | Reached skill level 5 in Axes
   892 | D:2      | Reached XP level 5. HP: 22/50 MP: 5/5
   892 | D:2      | Reached XP level 6. HP: 25/57 MP: 6/6
   903 | D:2      | Killed Natasha
   976 | D:2      | Noticed Jessica
   993 | D:2      | Killed Jessica
   993 | D:2      | Reached skill level 6 in Axes
  1064 | D:2      | Found a runed translucent door.
  1065 | D:2      | Noticed Crazy Yiuf
  1141 | D:2      | You fall through a shaft!
  1387 | D:2      | Noticed Terence
  1413 | D:2      | Killed Terence
  1641 | D:2      | Killed Crazy Yiuf
  1691 | D:3      | Found a sparkling altar of Nemelex Xobeh.
  1963 | D:3      | Noticed Ijyb
  1986 | D:3      | Killed Ijyb
  2255 | D:3      | Noticed Grinder
  2268 | D:3      | Paralysed by Grinder for 4 turns
  2281 | D:3      | Killed Grinder
  2281 | D:3      | Reached *** piety under Trog
  2281 | D:3      | Reached skill level 7 in Axes
  2281 | D:3      | Reached XP level 7. HP: 55/66 MP: 7/7
  2443 | D:4      | Reached skill level 5 in Armour
  2465 | D:4      | Found a staircase to the Ecumenical Temple.
  2574 | D:4      | Found a sand-covered staircase.
  2585 | Ossuary  | Entered an ossuary
  2622 | Ossuary  | Reached skill level 5 in Fighting
  2622 | Ossuary  | Reached skill level 8 in Axes
  2622 | Ossuary  | Reached XP level 8. HP: 68/74 MP: 8/8
  3082 | D:4      | Found a burning altar of Makhleb.
  3268 | D:5      | Entered Level 5 of the Dungeon
  3282 | D:5      | Found a blossoming altar of Fedhas.
  3363 | D:5      | Noticed Menkaure
  3374 | D:5      | Killed Menkaure
  3459 | D:5      | Reached skill level 9 in Axes
  3700 | D:5      | Found a hazy altar of Hepliaklqana.
  4045 | D:5      | Reached **** piety under Trog
  4175 | D:5      | Found an opulent altar of Gozag.
  4179 | D:5      | Found a radiant altar of Vehumet.
  4182 | D:5      | Found a bloodstained altar of Trog.
  4327 | D:5      | Noticed a gargoyle
  4349 | D:5      | Killed a gargoyle
  4349 | D:5      | Reached skill level 10 in Axes
  4349 | D:5      | Gained mutation: You passively map the area around you.
                  | [Deep Dwarf growth]
  4349 | D:5      | Reached XP level 9. HP: 23/82 MP: 9/9
  4650 | D:6      | Got an ichor-stained whip
  5159 | D:7      | Identified the +4 whip "Zoamaor" {freeze, Str+4} (You found
                  | it on level 6 of the Dungeon)
  5431 | D:7      | Reached ***** piety under Trog
  5495 | D:7      | Found a shattered altar of Ashenzari.
  5719 | D:7      | Reached skill level 11 in Axes
  5722 | D:7      | Found a sparkling altar of Nemelex Xobeh.
  6026 | D:7      | Noticed Duvessa
  6027 | D:7      | Noticed Dowan
  6040 | D:7      | Killed Duvessa
  6046 | D:7      | Killed Dowan
  6454 | D:8      | Reached XP level 10. HP: 94/94 MP: 10/10
  6616 | D:8      | Found a shadowy altar of Dithmenos.
  6838 | D:8      | Reached skill level 1 in Evocations
  6851 | D:8      | Noticed an angel
  6852 | D:8      | Found a glowing silver altar of Zin.
  6852 | D:8      | Found a shimmering altar of Xom.
  7135 | D:8      | Found a staircase to the Lair.
  7399 | D:9      | Received a gift from Trog
  7427 | D:9      | Reached skill level 12 in Axes
  8253 | D:10     | Entered Level 10 of the Dungeon
  8639 | D:10     | Found a runed translucent gate.
  8639 | D:10     | Found a runed translucent gate.
  8639 | D:10     | Found a runed translucent gate.
  8641 | D:10     | Noticed Chudej's ghost (novice DECj)
  9078 | D:11     | Noticed Erica
  9095 | D:11     | Killed Erica
  9115 | D:11     | Got a brightly glowing rapier
  9116 | D:11     | Identified the +5 rapier "Naihoum" {elec, rC- Str+5} (You
                  | found it on level 11 of the Dungeon)
  9139 | D:11     | Noticed a purple ugly thing
  9140 | D:11     | Found a transporter.
  9140 | D:11     | Found a corrupted altar of Lugonu.
  9140 | D:11     | Noticed a worldbinder
  9141 | D:11     | Noticed a purple ugly thing
  9141 | D:11     | Noticed a cyan ugly thing
  9174 | D:11     | Reached skill level 5 in Evocations
  9180 | D:11     | Reached XP level 11. HP: 103/103 MP: 14/14
  9326 | D:11     | Received a gift from Trog
  9359 | D:11     | Gained mutation: Your movements are slightly less
                  | encumbered by armour. (ER -2) [potion of mutation]
  9359 | D:11     | Gained mutation: You can translocate small distances at
                  | will. [potion of mutation]
  9373 | D:11     | Reached skill level 13 in Axes
  9473 | D:11     | Found a staircase to the Orcish Mines.
  9767 | D:11     | Noticed Nergalle
  9797 | D:11     | Killed Nergalle
  9900 | D:11     | Found a transporter.
 10060 | D:11     | Found a runed translucent door.
 10068 | D:11     | Noticed an ettin
 10258 | D:11     | Noticed a wizard
 10275 | D:11     | Killed a wizard
 10275 | D:11     | Noticed a phantasmal warrior
 10296 | D:11     | Noticed an ettin
 10297 | D:11     | HP: 4/104 [phantasmal warrior (28)]
 10301 | D:11     | Demolished by a phantasmal warrior

Skill      XL: |  1  2  3  4  5  6  7  8  9 10 11 |
---------------+----------------------------------+-----
Fighting       | 3 4 5 6 7 8 |  8.5
Axes           | 4 5 7 8 10 11 12 13 | 13.5
Armour         | 3 4 5 6 8 9 |  9.9
Evocations     | 5 6 |  6.4
Dodging        | |  2.1

Action                   |  1- 3 |  4- 6 |  7- 9 | 10-12 || total
-------------------------+-------+-------+-------+-------++-------
Melee: Hand axe          |   144 |   265 |   644 |   685 ||  1738
Invok: Trog's Hand       |     1 |     5 |     3 |     1 ||    10
       Berserk           |       |     1 |     2 |     3 ||     6
 Abil: Heal Wounds       |       |     2 |     2 |     5 ||     9
  Use: Scroll            |       |       |    19 |     5 ||    24
       Potion            |       |       |       |     2 ||     2
  Eat: Chunk             |       |     7 |     7 |    13 ||    27
       Ration            |       |     2 |     3 |       ||     5
Armor: Animal skin       |    22 |       |       |       ||    22
       Chain mail        |    31 |       |       |       ||    31
       Plate armour      |    18 |   156 |   298 |   314 ||   786
Dodge: Dodged            |   110 |    78 |   276 |   377 ||   841
